 Dungeon Crawl Stone Soup version 0.18.1-50-g88ac8fd (webtiles) character file.

183 Skwishie the Firebug (level 5, -6/28 HPs)
             Began as a Gargoyle Fire Elementalist on Sept 21, 2016.
             Killed by divine providence
             ... invoked by an orc priest
              (14 damage)
             ... on level 3 of the Dungeon.
             The game lasted 00:27:28 (4652 turns).

Skwishie the Firebug (Gargoyle Fire Elementalist)   Turns: 4652, Time: 00:27:28

Health: -6/28      AC:  7    Str: 11    XL:     5   Next: 62%
Magic:  4/8        EV: 12    Int: 17    God:
Gold:   70         SH:  0    Dex: 12    Spells: 3 memorised, 2 levels left

rFire  . . .     SeeInvis .     n - +0 spear
rCold  . . .     Gourm    .     a - +1 robe
rNeg   + . .     Faith    .     (no shield)
rPois  ∞         Spirit   .     (no helmet)
rElec  +         Dismiss  .     (no cloak)
rCorr  .         Reflect  .     (no gloves)
SustAt .         Harm     .     (no boots)
MR     .....                    (no amulet)
Stlth  ++........               (no ring)
                                v - +2 ring of dexterity

@: not resistant to hostile enchantments, unstealthy
A: negative energy resistance 1, electricity resistance, unbreathing,
petrification resistance, rot immunity, AC +4
a: no special abilities


You were on level 3 of the Dungeon.
You were near starving.

You visited 1 branch of the dungeon, and saw 4 of its levels.

You collected 70 gold pieces.

Inventory:

Hand Weapons
 n - a +0 spear (weapon)
Missiles
 o - a throwing net (quivered)
Armour
 a - a +1 robe (worn)
Jewellery
 v - a +2 ring of dexterity (left hand)
Scrolls
 g - a scroll of teleportation
 k - a scroll of magic mapping
 q - a scroll of identify {unknown}
Potions
 e - 2 potions of curing
 h - a potion of invisibility {unknown}
 j - a potion of lignification {unknown}
 p - a potion of resistance {unknown}
 t - a potion of degeneration {unknown}
Books
 b - a book of Flames

   Spells                             Type                      Level
   a - Flame Tongue                   Conjuration/Fire             1
   b - Throw Flame                    Conjuration/Fire             2
   c - Conjure Flame                  Conjuration/Fire             3
   d - Inner Flame                    Hexes/Fire                   3
   e - Sticky Flame                   Conjuration/Fire             4
   f - Fireball                       Conjuration/Fire             5
Comestibles
 c - 3 bread rations
 d - 3 beef jerkies
 f - a royal jelly
 i - 3 chunks of flesh
 l - 2 meat rations
 u - a fruit


   Skills:
 - Level 1.5 Dodging
 - Level 2.1 Stealth
 - Level 2.0 Spellcasting
 - Level 1.1 Conjurations
 + Level 6.1 Fire Magic


You had 2 spell levels left.
You knew the following spells:

 Your Spells              Type           Power        Failure   Level  Hunger
a - Flame Tongue          Conj/Fire      ##...        4%          1    #......
b - Throw Flame           Conj/Fire      ##....       10%         2    ###....
c - Conjure Flame         Conj/Fire      ##......     14%         3    ###....


Dungeon Overview and Level Annotations

Branches:
Dungeon (4/15)
 Temple: D:4-7

Altars:
Fedhas

Annotations:
D:4 Robin


Innate Abilities, Weirdness & Mutations

You are resistant to torment.
Your stone body is resilient (AC +4).
You are immune to poison.
You resist negative energy.
You are resistant to electric shocks.
You can survive without breathing.
You are immune to petrification.
You are immune to rotting.


Message History

Things that are here:
a club x2; 3 chunks of flesh
i - 3 chunks of flesh Robin roars a battlecry!
There is a stone staircase leading up, spattered with blood here.
Things that are here:
a dagger; a goblin corpse You start resting.
Robin roars a battlecry!
You climb upwards.
There is a stone staircase leading down here.
The orc priest looks braver for a moment.
The orc priest mumbles some strange prayers to Beogh against you.
Pain shoots through your body!
* * * LOW HITPOINT WARNING * * *
A giant newt comes into view.
The orc priest mumbles some strange prayers to Beogh against you.
Beogh smites you!
Ouch! That really hurt!
You die...

#.####.# #####
#.#.<#.# #...#
#.#.÷#.# #...#
#.#..#.#######
#...#
#.#..#......l#
#...#
#.#.########.#
#...#####
#.#...)....#.#
#...'....
#.########.#.#
#...##### #.....#
#@#'######...#
#####.#
#......oo....# #.#
#......o....######
#.#
#.........>.......
#.#
#...........######
#.# #...........#
#.####......[....#
#................#
##################


You could see an orc priest, an orc wizard and an orc.

Vanquished Creatures
  Crazy Yiuf (D:3)
  2 gnolls (D:3)
  4 adders
  2 oozes (D:2)
  An adder skeleton (D:4)
  A giant gecko (D:2)
  6 ball pythons
  7 giant cockroaches
  15 goblins
  10 hobgoblins
  7 jackals
  A quokka (D:2)
  7 bats
  3 kobolds
  11 rats
78 creatures vanquished.

Notes
Turn   | Place    | Note
--------------------------------------------------------------
     0 | D:1      | Skwishie the Gargoyle Fire Elementalist began the quest for the Orb.
     0 | D:1      | Reached XP level 1. HP: 10/10 MP: 3/3
   477 | D:1      | Reached XP level 2. HP: 15/15 MP: 3/5
   827 | D:1      | Learned a level 2 spell: Throw Flame
   916 | D:1      | Reached skill level 4 in Fire Magic
  1271 | D:2      | Reached XP level 3. HP: 9/19 MP: 0/6
  1439 | D:1      | Learned a level 3 spell: Conjure Flame
  1529 | D:2      | Found a blossoming altar of Fedhas.
  2137 | D:2      | Reached XP level 4. HP: 24/24 MP: 0/7
  2825 | D:3      | Reached skill level 5 in Fire Magic
  3532 | D:3      | Reached XP level 5. HP: 28/28 MP: 1/8
  3934 | D:3      | Noticed Crazy Yiuf
  4085 | D:3      | Killed Crazy Yiuf
  4085 | D:3      | Reached skill level 6 in Fire Magic
  4169 | D:3      | HP: 1/28 [orc priest/divine providence (13)]
  4520 | D:4      | Noticed Robin
  4652 | D:3      | Killed from afar by an orc priest

Skill      XL: |  1  2  3  4  5 |
---------------+----------------+-----
Fire Magic     | 4 5 6 |  6.1
Dodging        | |  1.5
Stealth        | |  2.1
Spellcasting   | |  2.0
Conjurations   | |  1.1

Action                   |  1- 3 |  4- 6 || total
-------------------------+-------+-------++-------
Melee: Whip              |     7 |       ||     7
       Spear             |    76 |   107 ||   183
Throw: Throwing net      |       |     2 ||     2
 Cast: Flame Tongue      |    23 |     3 ||    26
       Throw Flame       |    12 |    37 ||    49
       Conjure Flame     |       |     4 ||     4
  Use: Scroll            |       |    10 ||    10
 Stab: Sleeping          |     5 |     2 ||     7
  Eat: Chunk             |     5 |     8 ||    13
       Fruit             |       |     2 ||     2
Armor: Robe              |    27 |    40 ||    67
Dodge: Dodged            |    57 |    67 ||   124
